 Dungeon Crawl Stone Soup version 0.30-a0-542-ge43150dd35 (webtiles) character file.

Game seed: 2803158994886504805

7 Gitty the Firebug (level 1, 0/10 HPs)
             Began as a Deep Elf Fire Elementalist on Dec 26, 2022.
             Slain by an endoplasm (1 damage)
             ... on level 1 of the Dungeon.
             The game lasted 00:02:59 (166 turns).

Gitty the Firebug (Deep Elf Fire Elementalist)       Turns: 166, Time: 00:03:00

Health: 0/10       AC:  2    Str:  5    XL:     1   Next: 83%
Magic:  4/6        EV: 12    Int: 19    God:
Gold:   27         SH:  0    Dex: 15    Spells: 5/6 levels left

rFire   . . .      SeeInvis .    d - +0 dagger
rCold   . . .      Faith    .    (no shield)
rNeg    . . .      Spirit   .    a - +0 robe
rPois   .          Reflect  .    (no helmet)
rElec   .          Harm     .    (no cloak)
rCorr   .          Rampage  .    (no gloves)
Will    .....                    (no boots)
Stlth   ++                       (no amulet)
HPRegen 0.21/turn                (no ring)
MPRegen 0.10/turn                (no ring)

@: no status effects
A: no striking features
a: no special abilities


You were on level 1 of the Dungeon.
You visited 1 branch of the dungeon, and saw 1 of its levels.

You collected 27 gold pieces.

Inventory:

Hand Weapons
 d - a +0 dagger (weapon)
Armour
 a - a +0 robe (worn)
Scrolls
 e - a scroll of identify {unknown}
 f - a scroll of silence {unknown}
Potions
 b - a potion of magic
 c - a potion of brilliance {unknown}
 g - 2 potions of mutation {unknown}
 h - a potion of haste {unknown}


   Skills:
 + Level 2.4 Dodging
 + Level 2.9 Stealth
 + Level 3.3 Spellcasting
 + Level 1.1 Conjurations
 + Level 3.3 Fire Magic


You had 5 spell levels left.
You knew the following spells:

 Your Spells              Type           Power      Damage    Failure   Level
a - Foxfire               Conj/Fire      44%        2x1d6     6%          1

Your spell library contained the following spells:

 Spells                   Type           Power      Damage    Failure   Level
 Scorch                   Fire           30%        2d7       5%          2
 Inner Flame              Hex/Fire       9%         N/A       22%         3
 Kindle Blastsparks       Fire/Tloc/Air  14%        2d11      28%         3
 Flame Wave               Conj/Fire      11%        2d6       52%         4


Dungeon Overview and Level Annotations

Branches:
Dungeon (1/15)

Altars:


Message History

The foxfire hits the endoplasm.
The endoplasm is lightly wounded.
The endoplasm quivers.
The foxfire hits the endoplasm.
You kill the endoplasm!
An endoplasm comes into view.
The endoplasm quivers.
Casting: Foxfire (safe; 6% risk of failure)
Press: ? - help, Q - select action Dir - look around, f - activate You conjure some foxfire!
The endoplasm freezes you.
You are frozen.
Ouch! That really hurt!
You hit the endoplasm.
The endoplasm is moderately wounded.
The foxfire hits the endoplasm.
The endoplasm is heavily wounded.
The foxfire hits the endoplasm but does no damage.
The endoplasm is heavily wounded.
The endoplasm hits you.
* * * LOW HITPOINT WARNING * * *
You completely miss the endoplasm.
The endoplasm is heavily wounded.
The endoplasm completely misses you.
You barely miss the endoplasm.
The endoplasm is heavily wounded.
The endoplasm hits you but does no damage.
You hit the endoplasm but do no damage.
The endoplasm is heavily wounded.
The endoplasm closely misses you.
You barely miss the endoplasm.
The endoplasm is heavily wounded.
The endoplasm freezes you.
You are frozen.
* * * LOW HITPOINT WARNING * * *
Casting: Foxfire (safe; 6% risk of failure)
Press: ? - help, Q - select action Dir - look around, f - activate You conjure some foxfire!
The endoplasm hits you.
You die...

###########
#.v.......#
#.J@......#######
#...v...........#
#...............#
########........#
#........#
#........#
#........#
####........#
#...........#


You could see an endoplasm (ally target).

Vanquished Creatures
  An endoplasm (D:1)
  2 goblins (D:1)
  A hobgoblin (D:1)
  A frilled lizard (D:1)
  A rat (D:1)
6 creatures vanquished.

Vanquished Creatures (others)
  14 foxfires (D:1)
14 creatures vanquished.

Grand Total: 20 creatures vanquished

Notes
Turn   | Place    | Note
-------+----------+-------------------------------------------
     0 | D:1      | Gitty the Deep Elf Fire Elementalist began the quest for
                  | the Orb.
     0 | D:1      | Reached XP level 1. HP: 10/10 MP: 6/6
   166 | D:1      | Slain by an endoplasm

Illustrated notes

Levels and vault maps discovered:
D:1:      minmay_arrival_pointy, layout_basic,
          hellmonk_ecumenical_altar_inner_sanctum

Action                   || total
-------------------------++-------
Melee: Dagger            ||     5
 Cast: Foxfire           ||     8
Armor: Robe              ||     2
Dodge: Dodged            ||    13

Table legend: (Time is in decaauts)
 A = Elapsed time spent in this place.
 B = Non-inter-level travel time spent in this place.
 C = Inter-level travel time spent in this place.
 D = Time resting spent in this place.
 E = Time spent auto-exploring this place.
 F = Levels seen in this place.
 G = Mean time per level.
                   A        B        C        D        E       F      G
               +--------+--------+--------+--------+--------+-----+--------+
         Total |    165 |    165 |      0 |      0 |     49 |   1 |  165.0 |
       Dungeon |    165 |    165 |      0 |      0 |     49 |   1 |  165.0 |
               +--------+--------+--------+--------+--------+-----+--------+

Top non-repeatable levels by time:
     D:1: 165 daAuts
